AoeStats
← Sekekama

Arabia

510331070Analyzed
1v1 RM · 2d ago on Sep 30, 2026· 46m 2s· 2 players
Game mode
Random Map
Map size
Tiny (2 player)
Population
200
Speed
Normal
Resources
Standard
Victory
Conquest
Starting age
Dark Age
Ending age
Imperial Age
RankedLock teamsTeams togetherTeam positionsShared explorationLock speedFull tech treeHidden civsTurbo modeCheats
Victory
Defeat
🇨🇴 Lithuanians · Colombia
1310
+17
🇳🇴 Koreans · Norway
1333
-17
Sekekama
6:15 Loom
8:53 Feudal Age
10:31 Double-Bit Axe
14:54 Scale Barding Armor
17:16 Wheelbarrow
16:44 Horse Collar
20:34 Gold Mining
23:11 Castle Age
21:23 Forging
22:05 Bloodlines
23:22 Light Cavalry
24:24 Chain Barding Armor
24:40 Husbandry
25:56 Bow Saw
26:42 Fervor
27:53 Iron Casting
29:03 Heavy Plow
33:43 Stone Mining
35:17 Fletching
36:25 Bodkin Arrow
39:33 Town Watch
43:52 Imperial Age
44:33 Hand Cart
44:31 Hill Forts
44:01 Cavalier
45:47 Plate Barding Armor
45:45 Bracer
Princess Sasha
7:27 Loom
9:54 Feudal Age
11:03 Double-Bit Axe
13:57 Wheelbarrow
14:38 Fletching
16:06 Horse Collar
18:02 Town Watch
20:19 Gold Mining
26:13 Castle Age
26:24 Stone Mining
26:24 Crossbowman
27:10 Thumb Ring
27:34 Bodkin Arrow
33:50 Imperial Age
34:08 Ballistics
34:09 Arbalester
38:55 Bracer
42:43 Chemistry
Connection lost

Rejoining the realm…

Still unreachable

The connection could not be restored.

Session expired

The server has moved on; the page needs a fresh start.